 Dungeon Crawl Stone Soup version 0.29.1-15-g9cfb28693d (webtiles) character file.

Game seed: 17690357458785008365

95755 Eitelfritz the Severer (level 16, -6/132 HPs)
             Began as a Hill Orc Fighter on Apr 15, 2023.
             Was the Champion of Hepliaklqana.
             Mangled by Donald
             ... wielding a +3 vorpal double sword
              (14 damage)
             ... on level 2 of the Orcish Mines.
             The game lasted 01:17:48 (24699 turns).

Eitelfritz the Severer (Hill Orc Fighter)          Turns: 24699, Time: 01:17:49

Health: -6/132     AC: 26    Str: 29      XL:     16   Next: 15%
Magic:  22/22      EV: 10    Int:  8 (10) God:    Hepliaklqana [******]
Gold:   2962       SH: 14    Dex: 10      Spells: 15/15 levels left

rFire   + + .      SeeInvis .   b - +4 war axe (freeze)
rCold   + + +      Faith    .   g - +2 kite shield {rC+}
rNeg    + . .      Spirit   .   M - +3 chain mail {rF+}
rPois   +          Reflect  .   c - +0 helmet of Muritizo {rC++ rN+ Str+4}
rElec   .          Harm     .   I - +2 cloak {rPois}
rCorr   +          Rampage  .   V - +1 pair of gloves
Will    +....                   q - +0 pair of boots
Stlth   ..........              O - amulet of regeneration
HPRegen 1.12/turn               x - ring of Divine Compulsion {rF+ rCorr}
MPRegen 0.18/turn               p - ring of flight

@: flying, studying Necromancy
A: reduced essence
a: Renounce Religion, Recall Ancestor, Ancestor Identity, Transference, Idealise


You were on level 2 of the Orcish Mines.
You worshipped Hepliaklqana.
Hepliaklqana was exalted by your worship.
You visited 5 branches of the dungeon, and saw 23 of its levels.
You visited the Abyss 1 time.
You also visited: Sewer, Gauntlet, Ice Cave and Volcano.

You collected 3621 gold pieces.
You spent 659 gold pieces at shops.

Inventory:

Hand Weapons
 a - the +5 hand axe of the Ten Seers {flame, Str+5}
   (You found it on level 2 of the Dungeon)

   It burns those it strikes, dealing additional fire damage.
   Big, fiery blades are also staple armaments of hydra-hunters.
   Str:       It affects your strength (+5).
 b - a +4 war axe of freezing (weapon)
 T - a +0 hand crossbow of flaming
Missiles
 d - 2 datura-tipped darts
 J - 14 javelins (quivered)
 N - 3 throwing nets
 X - 3 curare-tipped darts
Armour
 c - the +0 helmet of Muritizo (worn) {rC++ rN+ Str+4}
   (You found it in a Gauntlet)

   Str:       It affects your strength (+4).
   rC:        It greatly protects you from cold.
   rN:        It protects you from negative energy.
 g - a +2 kite shield of cold resistance (worn)
 q - a +0 pair of boots (worn)
 I - a +2 cloak of poison resistance (worn)
 M - a +3 chain mail of fire resistance (worn)
 V - a +1 pair of gloves (worn)
Jewellery
 o - a +4 ring of protection
 p - a ring of flight (right hand)
 x - the ring of Divine Compulsion (left hand) {rF+ rCorr}
   (You took it off a minotaur in a Gauntlet)

   [ring of resist corrosion]

   rF:        It protects you from fire.
   rCorr:     It protects you from acid and corrosion.
 y - the ring "Hecooqiwn" {Fire Dex+5}
   (You found it on level 1 of the Lair of Beasts)

   [ring of fire]

   It enhances your fire magic.
   Dex:       It affects your dexterity (+5).
   rF:        It protects you from fire.
   rC:        It makes you vulnerable to cold.
 A - a ring of see invisible
 E - an amulet of reflection
 O - an amulet of regeneration (around neck)
 W - a ring of willpower
 Z - the ring of the Leaf {rF- rCorr AC+4 Str+4}
   (You found it on level 3 of the Lair of Beasts)

   [ring of protection]

   AC:        It affects your AC (+4).
   Str:       It affects your strength (+4).
   rF:        It makes you vulnerable to fire.
   rCorr:     It protects you from acid and corrosion.
Wands
 r - a wand of paralysis (12)
 z - a wand of digging (4)
 K - a wand of iceblast (9)
 L - a wand of flame (53)
 P - a wand of mindburst (14)
 U - a wand of acid (6)
Scrolls
 e - a scroll of blinking
 h - 16 scrolls of identify
 j - 2 scrolls of butterflies
 k - 2 scrolls of amnesia
 w - 12 scrolls of teleportation
 B - 3 scrolls of silence
 F - 2 scrolls of fear
 G - 3 scrolls of magic mapping
 R - 5 scrolls of poison
Potions
 f - 4 potions of heal wounds
 i - 11 potions of curing
 l - 4 potions of cancellation
 s - 6 potions of haste
 t - a potion of invisibility
 u - 4 potions of resistance
 v - 4 potions of mutation
 C - 7 potions of brilliance
 H - 5 potions of magic
 Q - a potion of berserk rage
 Y - 4 potions of ambrosia
Miscellaneous
 S - a tin of tremorstones (2/2)


   Skills:
 + Level 14.7 Fighting
 + Level 19.0 Axes
 + Level 0.8 Throwing
 + Level 15.0 Armour
 + Level 6.5 Dodging
 + Level 5.9 Stealth
 + Level 13.1 Shields
 - Level 9.0 Invocations
 + Level 0.4 Evocations


You had 15 spell levels left.
You didn't know any spells.
Your spell library contained the following spells:

 Spells                   Type           Power      Damage    Failure   Level
 Magic Dart               Conj           0%         1d3       95%         1
 Sandblast                Erth           0%         2d4       95%         1
 Call Imp                 Summ           0%         N/A       99%         2
 Passwall                 Tmut/Erth      0%         N/A       99%         2
 Call Canine Familiar     Summ           0%         N/A       100%        3
 Dazzling Flash           Conj/Hex       0%         N/A       100%        3
 Frozen Ramparts          Ice            0%         1d1       100%        3
 Mephitic Cloud           Conj/Pois/Air  0%         N/A       100%        3
 Portal Projectile        Hex/Tloc       0%         N/A       100%        3
 Stone Arrow              Conj/Erth      0%         3d7       100%        3
 Airstrike                Air            0%         2d(0-16)  100%        4
 Anguish                  Hex/Necr       0%         N/A       100%        4
 Hailstorm                Conj/Ice       0%         3d3       100%        4
 Ice Form                 Ice/Tmut       0%         N/A       100%        4
 Iskenderun's Mystic Bla  Conj/Tloc      0%         2d3       100%        4
 Leda's Liquefaction      Hex/Erth       0%         N/A       100%        4
 Passage of Golubria      Tloc           0%         N/A       100%        4
 Summon Ice Beast         Ice/Summ       0%         N/A       100%        4
 Summon Lightning Spire   Summ/Air       0%         N/A       100%        4
 Lightning Bolt           Conj/Air       0%         1d11      100%        5
 Silence                  Hex/Air        0%         N/A       100%        5
 Summon Forest            Summ/Tloc      0%         N/A       100%        5
 Summon Mana Viper        Hex/Summ       0%         N/A       100%        5
 Eringya's Noxious Bog    Tmut/Pois      0%         N/A       100%        6
 Simulacrum               Ice/Necr       0%         N/A       100%        6
 Starburst                Conj/Fire      0%         6d3       100%        6
 Summon Cactus Giant      Summ           0%         N/A       100%        6
 Enfeeble                 Hex            0%         N/A       100%        7
 Summon Hydra             Summ           0%         N/A       100%        7
 Lehudib's Crystal Spear  Conj/Erth      0%         10d2      100%        8


Dungeon Overview and Level Annotations

Branches:
Dungeon (14/15)            Temple (1/1) D:5            Lair (5/5) D:11
 Shoals (0/4) Lair:2        Snake (1/4) Lair:2        Slime (0/5) Lair:4
    Orc (2/2) D:9          Vaults (0/5) D:13          Sewer (visited)
  IceCv (visited)         Volcano (visited)         Gauntlet (visited)
    Elf: Orc:2

Altars:
Ashenzari
Cheibriados
Dithmenos
Elyvilon
Fedhas
Gozag
Hepliaklqana
Kikubaaqudgha
Makhleb
Nemelex Xobeh
Okawaru
Qazlal
Ru
Sif Muna
Trog
Uskayaw
Vehumet
Wu Jian
Xom
Yredelemnul
Zin
The Shining One
Beogh
Jiyva

Shops:
D:2 [   D:5 [   D:7 (   D:8 =[[   D:9 *   D:11 ?   D:13 *

Annotations:
Lair:4 3 runed translucent doors, KamiKatze's ghost, journeyman DECj
Orc:2 Donald


Message History

Press: ? - help, v - describe, . - travel
Here: Donald, wielding a +3 vorpal double sword, wearing a +1 plate armour of fire resistance and wearing a +0 kite shield (heavily wounded, fast, ally target)
The floor, spattered with blood.
Unknown command.
You closely miss Donald.
Donald is heavily wounded.
Donald says, "If your ancestor was so tough and powerful, how come they're dead?"
Donald hits you with a +3 vorpal double sword!
Donald gestures wildly while chanting.
Donald seems to grow stronger.
Simosihle hits Donald with a +0 quarterstaff!!
You hit Donald. You freeze Donald.
Donald is almost dead.
Donald hits you with a +3 vorpal double sword!!
Unknown command.
You barely miss Donald.
Donald is almost dead.
Simosihle hits Donald with a +0 quarterstaff.
Donald says, "The Vaults look kind of boring."
Donald hits you with a +3 vorpal double sword!!
Unknown command.
Donald blocks your attack.
Donald is almost dead.
Donald hits you with a +3 vorpal double sword.
* * * LOW HITPOINT WARNING * * *
x2 Donald blocks Simosihle's attack.
Unknown command.
Donald blocks your attack.
Donald is almost dead.
You block Donald's attack.
Simosihle gestures at Donald while chanting.
The bolt of magma hits Donald.
Donald partially resists.
Unknown command.
Donald blocks your attack.
Donald is almost dead.
Donald says, "Would you happen to remember where the Orb is?"
Donald hits you with a +3 vorpal double sword!!
* * * LOW HITPOINT WARNING * * *
x2 Donald hits you with a +3 vorpal double sword!
You die...

#..............
#..............
##.............
#..............
#..............
#...............
#......@.....#....
##.....@R......^.#.##
#......))...........#
##....)))...........##
##...#)#)#.#........#
#....)..............#
##...)...........#.#
##..))............##
#...#...$.........###
##...##.#..#......#.#


You could see the friendly Simosihle the battlemage and Donald (fast, strong,
ally target).

Vanquished Creatures
  An orc warlord (Orc:1)
  A minotaur (Gauntlet)
  Snorg (Orc:2)
  Erolcha (D:13)
  7 hydras
  The ghost of SharpKris the Covered, a journeyman HuFi of Fedhas (Lair:1)
  A catoblepas (D:13)
  2 two-headed ogres
  A death yak (Lair:5)
  A tengu warrior (D:11)
  Sonja (Lair:1)
  Urug (Lair:3)
  3 skeletal warriors
  A glowing orange brain (Gauntlet)
  4 wizards (Volcano)
  An orc knight (Orc:1)
  An obsidian statue (Gauntlet)
  2 necromancers
  A cyclops (D:13)
  2 ugly things (D:14)
  An elephant (Lair:5)
  4 toenail golems (Volcano)
  3 black mambas
  A torpor snail (Lair:5)
  7 cane toads
  2 gargoyles
  An unseen horror (D:11)
  4 rime drakes
  An efreet (D:9)
  3 freezing wraiths (IceCv)
  4 komodo dragons
  6 ice devils (IceCv)
  3 anaconda simulacra (IceCv)
  7 meliai
  5 trolls
  2 hornets
  A queen bee (Lair:2)
  2 polar bears (Lair:5)
  A raiju (shapeshifter) (D:9)
  Grinder (D:6)
  12 blink frogs
  A dream sheep (Lair:5)
  Eustachio (D:4)
  4 spriggans (Lair:5)
  A dire elephant simulacrum (IceCv)
  2 wraiths
  3 wyverns
  3 basilisks
  28 yaks
  A human (shapeshifter) (D:13)
  2 steam dragons
  9 vampire mosquitoes
  Menkaure (D:6)
  2 harpy simulacra (IceCv)
  4 death yak simulacra (IceCv)
  2 wargs
  A hydra simulacrum (IceCv)
  An acid dragon (D:9)
  9 water moccasins
  2 ice beasts
  9 orc warriors
  A sky beast (D:7)
  14 ogres
  2 black bears
  14 wolves
  9 centaurs
  A boggart (Lair:5)
  A phantom (D:4)
  Blork the orc (D:5)
  4 kobold brigands
  6 bullfrogs
  A gnoll sergeant (D:9)
  5 scorpions
  3 cane toad simulacra
  9 wights
  2 two-headed ogre simulacra (IceCv)
  31 killer bees
  3 elephant simulacra (IceCv)
  7 howler monkeys
  A rime drake simulacrum (Lair:1)
  2 komodo dragon simulacra (Lair:1)
  6 orc priests
  5 hounds
  2 jellies
  Crazy Yiuf (D:2)
  A water moccasin simulacrum (Lair:1)
  Jessica (D:2)
  Terence (D:2)
  2 iguanas
  11 orc wizards
  2 polar bear simulacra (IceCv)
  2 troll simulacra (IceCv)
  5 wolf simulacra (IceCv)
  A centaur simulacrum (D:9)
  11 gnolls
  4 river rats (Sewer)
  15 adders
  A shadow imp (D:6)
  2 ufetubi
  4 worms
  2 dart slugs
  50 orcs
  11 ball pythons
  10 endoplasms
  3 goblins
  8 hobgoblins
  5 jackals (Sewer)
  5 quokkas
  13 bats
  9 frilled lizards
  14 kobolds
  3 rats
518 creatures vanquished.

Vanquished Creatures (collateral kills)
  A deep elf elementalist (Abyss:2)
  An ettin (Orc:2)
  3 hydras
  2 two-headed ogres
  2 catoblepae
  A dancing weapon (Volcano)
  3 death yaks (Lair:5)
  An orc high priest (Orc:2)
  A glowing orange brain (Gauntlet)
  A skeletal warrior (D:11)
  Lodul (D:10)
  A deep elf zephyrmancer (D:13)
  2 ugly things
  A deep elf pyromancer (D:12)
  2 cyclopes (D:14)
  2 manticores
  A toenail golem (Volcano)
  9 elephants
  An orc sorcerer (Orc:2)
  A merfolk siren (Lair:2)
  An ice statue (IceCv)
  A black mamba (Lair:4)
  3 cane toads
  A gargoyle (D:13)
  Maggie (D:6)
  5 rime drakes
  An unseen horror (D:11)
  5 komodo dragons
  4 ice devils (IceCv)
  An anaconda simulacrum (IceCv)
  An ancient zyme (Abyss:2)
  A freezing wraith (IceCv)
  3 meliai
  A troll (Orc:1)
  A polar bear (Lair:5)
  4 hornets (Lair:5)
  Prince Ribbit (D:6)
  13 blink frogs
  6 dream sheep (Lair:5)
  8 spriggans
  A wyvern (shapeshifter) (D:13)
  4 wyverns
  A large abomination (Abyss:2)
  2 wraiths
  14 yaks
  2 basilisks
  2 death yak simulacra (IceCv)
  9 vampire mosquitoes
  A harpy simulacrum (IceCv)
  A warg (Orc:2)
  2 acid dragons
  6 water moccasins
  9 orc warriors
  2 black bears (Lair:5)
  12 wolves
  3 ogres (D:11)
  3 centaurs (D:12)
  3 boggarts (Lair:5)
  A kobold brigand (D:9)
  4 bullfrogs
  A two-headed ogre simulacrum (IceCv)
  A wight (D:10)
  11 killer bees
  A rime drake simulacrum (Lair:1)
  A howler monkey (D:9)
  2 orc priests
  A hound (D:7)
  A gnoll bouda (D:8)
  6 orc wizards
  2 wolf simulacra (IceCv)
  3 gnolls
  17 orcs
  3 kobolds
  2 bushes
233 creatures vanquished.

Vanquished Creatures (others)
  A wizard (Volcano)
  15 battlemagi
  2 ancestors
  An orc (Orc:2)
  10 fungi
  106 plants
  4 withered plants (Gauntlet)
139 creatures vanquished.

Grand Total: 890 creatures vanquished

Notes
Turn   | Place    | Note
-------+----------+-------------------------------------------
     0 | D:1      | Eitelfritz the Hill Orc Fighter began the quest for the
                  | Orb.
     0 | D:1      | Reached XP level 1. HP: 19/19 MP: 1/1
   343 | D:1      | Reached XP level 2. HP: 27/27 MP: 2/2
   494 | D:1      | Reached skill level 3 in Axes
   657 | D:1      | Found a faded altar of an unknown god.
  1002 | D:2      | Reached XP level 3. HP: 32/33 MP: 3/3
  1252 | D:2      | Noticed Terence
  1267 | D:2      | Killed Terence
  1268 | D:2      | Reached skill level 4 in Axes
  1268 | D:2      | Reached XP level 4. HP: 39/40 MP: 4/4
  1450 | D:2      | Noticed Jessica
  1455 | D:2      | Killed Jessica
  1459 | D:2      | Identified the +5 hand axe of the Ten Seers {flame, Str+5}
  1542 | D:2      | Reached XP level 5. HP: 46/46 MP: 5/5
  1571 | D:2      | Found Felowi's Antique Armour Shoppe.
  1741 | D:2      | Found a runed translucent door.
  1742 | D:2      | Noticed Crazy Yiuf
  2076 | D:3      | Found a snail-covered altar of Cheibriados.
  2188 | D:3      | Reached skill level 5 in Axes
  2286 | D:3      | Reached skill level 1 in Dodging
  2286 | D:3      | Reached XP level 6. HP: 53/53 MP: 6/6
  2858 | D:2      | Killed Crazy Yiuf
  2859 | D:2      | Reached skill level 6 in Axes
  2996 | D:4      | Reached skill level 5 in Armour
  3125 | D:4      | Reached XP level 7. HP: 39/60 MP: 7/7
  3208 | D:4      | Noticed Eustachio
  3222 | D:4      | Killed Eustachio
  3223 | D:4      | Reached skill level 5 in Fighting
  3223 | D:4      | Reached skill level 7 in Axes
  3367 | D:4      | Found a glowing drain.
  3397 | Sewer    | Entered a sewer
  4099 | D:4      | Reached XP level 8. HP: 59/68 MP: 8/8
  4441 | D:2      | Bought a runed cloak for 232 gold pieces
  4726 | D:5      | Entered Level 5 of the Dungeon
  4726 | D:5      | Noticed Blork the orc
  4734 | D:5      | Killed Blork the orc
  4735 | D:5      | Reached skill level 8 in Axes
  4795 | D:5      | Found a white marble altar of Elyvilon.
  4845 | D:5      | Found a staircase to the Ecumenical Temple.
  4868 | Temple   | Entered the Ecumenical Temple
  4909 | Temple   | Became a worshipper of Hepliaklqana the Forgotten
  5053 | D:5      | Found an ancient bone altar of Kikubaaqudgha.
  5272 | D:5      | Reached * piety under Hepliaklqana
  5301 | D:5      | Noticed a two-headed ogre
  5310 | D:5      | Killed a two-headed ogre
  5311 | D:5      | Reached skill level 9 in Axes
  5311 | D:5      | Reached skill level 5 in Shields
  5311 | D:5      | Reached XP level 9. HP: 60/67 MP: 9/9
  5869 | D:5      | Found Xusedyfo's Antique Armour Shoppe.
  6183 | D:6      | Noticed Menkaure
  6186 | D:6      | Noticed Grinder
  6198 | D:5      | Reached skill level 10 in Axes
  6515 | D:6      | Killed Grinder
  6529 | D:6      | Noticed Maggie
  6543 | D:6      | Killed Maggie
  6728 | D:6      | Reached skill level 11 in Axes
  6951 | D:6      | Noticed Prince Ribbit
  6956 | D:6      | Killed Menkaure
  6987 | D:6      | Killed Prince Ribbit
  6988 | D:6      | Reached skill level 1 in Stealth
  7622 | D:7      | Found Laxteax's Antique Weapon Shoppe.
  7669 | D:7      | Reached XP level 10. HP: 71/75 MP: 10/10
  7798 | D:7      | Reached ** piety under Hepliaklqana
  8008 | D:7      | Remembered your ancestor Simosihle as a battlemage
  8378 | D:7      | Reached skill level 12 in Axes
  8491 | D:5      | Bought a glowing chain mail for 217 gold pieces
  8549 | D:8      | Found Qaowunurch's Armour Emporium.
  8550 | D:8      | Found Nastrul's Jewellery Emporium.
  8760 | D:8      | Found Peef's Antique Armour Emporium.
  8899 | D:8      | Identified the +10 plate armour of Satisfaction {Regen+
                  | Str+2}
  9316 | D:8      | Found an iron altar of Okawaru.
  9569 | D:9      | Reached skill level 13 in Axes
  9592 | D:9      | Reached skill level 10 in Armour
  9592 | D:9      | Reached XP level 11. HP: 35/84 MP: 11/11
 10055 | D:9      | Reached *** piety under Hepliaklqana
 10086 | D:9      | Found a staircase to the Orcish Mines.
 10091 | D:9      | Noticed a six-headed hydra
 10112 | D:9      | Killed a one-headed hydra
 10115 | D:9      | Reached skill level 14 in Axes
 10345 | D:9      | Identified the +3 falchion of Subjectivity {flame, rF+}
 10351 | D:9      | Noticed a five-headed hydra
 10356 | D:9      | Killed a one-headed hydra
 10537 | D:9      | Found Hirots's Gadget Gallery.
 10705 | D:10     | Entered Level 10 of the Dungeon
 11213 | D:10     | Reached skill level 1 in Invocations
 11606 | D:10     | Reached **** piety under Hepliaklqana
 11947 | D:11     | Noticed Lodul
 12117 | D:10     | Killed Lodul
 12118 | D:10     | Reached XP level 12. HP: 71/94 MP: 14/14
 12355 | D:11     | Reached skill level 15 in Axes
 12467 | D:11     | Found Tokkasiu's Magic Scroll Boutique.
 12475 | D:11     | Bought a scroll of enchant armour for 105 gold pieces
 12475 | D:11     | Bought a scroll of enchant armour for 105 gold pieces
 12487 | D:11     | Noticed a tengu warrior
 12495 | D:11     | Killed a tengu warrior
 12657 | D:11     | Found a staircase to the Lair.
 12767 | D:11     | Reached skill level 5 in Invocations
 12889 | D:11     | Reached skill level 10 in Fighting
 12940 | D:11     | Noticed a four-headed hydra
 13009 | D:10     | Killed a one-headed hydra
 14660 | D:12     | Reached XP level 13. HP: 97/102 MP: 17/17
 14780 | D:13     | Found Eremo Ymu's General Store.
 15079 | D:13     | Found a gate to the Vaults.
 15205 | D:13     | Noticed Erolcha
 15216 | D:13     | Killed Erolcha
 15217 | D:13     | Reached skill level 16 in Axes
 15893 | D:14     | Found a broken altar of Ashenzari.
 16078 | D:14     | Reached ***** piety under Hepliaklqana
 16460 | Orc:1    | Entered Level 1 of the Orcish Mines
 16775 | Orc:1    | Found a roughly hewn altar of Beogh.
 16859 | Orc:1    | Found a roughly hewn altar of Beogh.
 16993 | Lair:1   | Entered Level 1 of the Lair of Beasts
 17010 | Lair:1   | Found a frozen archway.
 17043 | IceCv    | Entered an ice cave
 17082 | IceCv    | Reached skill level 5 in Dodging
 17299 | IceCv    | Found an ancient bone altar of Kikubaaqudgha.
 17355 | IceCv    | Reached XP level 14. HP: 41/112 MP: 20/20
 17862 | Lair:1   | Found a runed translucent gate.
 17863 | Lair:1   | Found a runed translucent gate.
 17892 | Lair:1   | Found a runed translucent gate.
 17995 | Lair:1   | Noticed Sonja
 18009 | Lair:1   | Killed Sonja
 18202 | Lair:1   | Noticed SharpKris's ghost (journeyman HuFi)
 18241 | Lair:1   | Reached skill level 17 in Axes
 18247 | Lair:1   | Reached skill level 10 in Shields
 18646 | Lair:1   | Killed SharpKris's ghost
 18703 | Lair:1   | Got the ring "Hecooqiwn" {Fire Dex+5}
 18946 | Lair:2   | Found a staircase to the Shoals.
 19105 | Lair:2   | Found a staircase to the Snake Pit.
 19925 | Snake:1  | Entered Level 1 of the Snake Pit
 20003 | Lair:3   | You fall into a shaft and drop 2 floors!
 20003 | Lair:5   | Entered Level 5 of the Lair of Beasts
 20110 | Lair:4   | Found a runed translucent gate.
 20110 | Lair:4   | Found a runed translucent gate.
 20125 | Lair:4   | Found a viscous altar of Jiyva.
 20126 | Lair:4   | Found a staircase to the Slime Pits.
 20140 | Lair:4   | Reached ****** piety under Hepliaklqana
 20320 | Lair:4   | Found a dark tunnel.
 20332 | Volcano  | Entered a volcano
 20348 | Volcano  | Reached XP level 15. HP: 109/122 MP: 21/21
 20430 | Abyss:2  | Found a corrupted altar of Lugonu.
 20430 | Abyss:2  | Cast into level 2 of the Abyss (a wizard)
 20499 | Abyss:2  | Noticed a deep elf elementalist
 20504 | Abyss:2  | Killed a deep elf elementalist
 20514 | Abyss:2  | Reached skill level 5 in Stealth
 20522 | Volcano  | Escaped the Abyss
 20713 | Volcano  | Reached skill level 18 in Axes
 21258 | Lair:4   | Found a runed translucent gate.
 21259 | Lair:4   | Noticed an acid blob
 21259 | Lair:4   | Noticed an azure jelly
 21260 | Lair:4   | Noticed an acid blob
 21293 | Lair:4   | Noticed an azure jelly
 21293 | Lair:4   | Noticed an azure jelly
 21293 | Lair:4   | Noticed an acid blob
 21294 | Lair:4   | Noticed an acid blob
 21294 | Lair:4   | Noticed an acid blob
 21294 | Lair:4   | Noticed an acid blob
 21294 | Lair:4   | Noticed an acid blob
 21294 | Lair:4   | Noticed KamiKatze's ghost (journeyman DECj)
 21294 | Lair:4   | Noticed an acid blob
 21480 | Lair:4   | Found a viscous altar of Jiyva.
 22875 | Lair:3   | Identified the ring of the Leaf {rF- rCorr AC+4 Str+4}
 23140 | Lair:3   | Noticed Urug
 23149 | Lair:3   | Killed Urug
 23510 | Lair:4   | Identified a scroll of acquirement
 23510 | Lair:4   | Acquired 658 gold pieces
 23725 | Orc:2    | Entered Level 2 of the Orcish Mines
 23757 | Orc:2    | Noticed Snorg
 23764 | Orc:2    | Killed Snorg
 23768 | Orc:2    | Found a gate leading to a gauntlet.
 23792 | Orc:2    | Noticed an orc warlord
 23798 | Gauntlet | Entered a Gauntlet
 23798 | Gauntlet | Found a transporter.
 23798 | Gauntlet | Found a large runed translucent door.
 23798 | Gauntlet | Found a large runed translucent door.
 23798 | Gauntlet | Found a large runed translucent door.
 23798 | Gauntlet | Found a large runed translucent door.
 23798 | Gauntlet | Found a large runed translucent door.
 23798 | Gauntlet | Found a large runed translucent door.
 23798 | Gauntlet | Found a runed translucent door.
 23798 | Gauntlet | Found a runed translucent door.
 23798 | Gauntlet | Found a large runed translucent door.
 23798 | Gauntlet | Found a large runed translucent door.
 23798 | Gauntlet | Found a large runed translucent door.
 23798 | Gauntlet | Found a large runed translucent door.
 23798 | Gauntlet | Found a large runed translucent door.
 23798 | Gauntlet | Found a large runed translucent door.
 23807 | Gauntlet | Found a transporter.
 23824 | Gauntlet | Found a transporter.
 23828 | Gauntlet | Found a transporter.
 23849 | Gauntlet | Found a transporter.
 23862 | Gauntlet | Found a transporter.
 23876 | Gauntlet | Found a transporter.
 23914 | Gauntlet | Found a transporter.
 23914 | Gauntlet | Found a transporter.
 23914 | Gauntlet | Found a runed translucent gate.
 23914 | Gauntlet | Found a runed translucent gate.
 23920 | Gauntlet | Found a transporter.
 23933 | Gauntlet | Found a runed translucent gate.
 23940 | Gauntlet | Found a large runed translucent door.
 23940 | Gauntlet | Found a large runed translucent door.
 23941 | Gauntlet | Found a runed translucent gate.
 23941 | Gauntlet | Found a runed translucent gate.
 23961 | Gauntlet | Found a runed translucent gate.
 23963 | Gauntlet | Found a large runed translucent door.
 23964 | Gauntlet | Found a large runed translucent door.
 23976 | Gauntlet | Found a transporter.
 23980 | Gauntlet | Found a transporter.
 24004 | Gauntlet | Identified the +0 helmet of Muritizo {rC++ rN+ Str+4}
 24013 | Gauntlet | Reached XP level 16. HP: 128/132 MP: 22/22
 24111 | Gauntlet | Identified the ring of Divine Compulsion {rF+ rCorr}
 24369 | Orc:1    | Reached skill level 15 in Armour
 24417 | Orc:1    | Reached skill level 19 in Axes
 24503 | Orc:2    | Found a burning altar of Makhleb.
 24505 | Orc:2    | Paralysed by an orc sorcerer for 5 turns
 24646 | Orc:2    | Found a roughly hewn altar of Beogh.
 24684 | Orc:2    | Noticed Donald
 24699 | Orc:2    | Mangled by Donald

Illustrated notes

Levels and vault maps discovered:
D:1:      scummos_arrival_forest, layout_loops_ring,
          shapermc_ecumenical_altar_hornbeckon, reono_crystal_passage,
          minivault_24, minmay_box_of_dots
D:2:      layout_loops_ring, serial_shops, shop_statue, uniq_crazy_yiuf_cottage,
          uniq_jessica, uniq_terence
D:3:      layout_basic, amcnicky_altar_gilded
D:4:      layout_basic, cheibrodos_sewer_entry_bend, uniq_eustachio
D:5:      cheibrodos_two_vegetables, layout_gridville,
          mainiacjoe_overflow_catch_the_wave,
          minmay_temple_entry_drinking_statues, serial_shops,
          nicolae_shop_window_shopping, saegor_snake_ambush, uniq_blork_the_orc
D:6:      layout_rooms, nicolae_eternal_life, uniq_maggie, uniq_prince_ribbit1,
          uniq_grinder, uniq_menkaure
D:7:      layout_gridville, serial_shops, nicolae_shop_statue_plus
D:8:      layout_loops_cross, okawaru_altar_gauntlet_db, serial_shops,
          nicolae_shop_behind_doors, nicolae_shop_waterfront,
          nicolae_shop_waterfront
D:9:      minmay_the_grid_plus [minmay_the_grid_stretched_grid,
          minmay_the_grid_medium_cups, minmay_the_grid_fan,
          minmay_the_grid_small_cups, minmay_the_grid_prize_trominoes],
          layout_long_grid, hangedman_decor_riveting, corexii_hall_statues_i,
          st_stairs_13, nicolae_shop_gadgets
D:10:     layout_long_grid, statue_in_the_mist_lemuel
D:11:     layout_irregular_city, david_lair_generic, serial_shops,
          nicolae_shop_competitors_out_of_business, st_stairs_11,
          chequers_serial_rivers_micro_b, uniq_lodul
D:12:     layout_loops_ring, grunt_ogre_cave
D:13:     layout_long_grid, david_vaults_1, serial_shops, nicolae_square_shop,
          uniq_erolcha
D:14:     layout_small_grid, grunt_decor_mini_mirrors, evilmike_ruin_ashenzari
Temple:   compressed_dpeg_circular_temple
Lair:1:   layout_small_grid, gammafunk_ghost_icy,
          portal_ice_cave_entry_pillars_1, minivault_24, minivault_23,
          uniq_sonja
Lair:2:   regret_index_combs_of_tragedy, layout_chaotic_city,
          minmay_shoals_entry_lonely_mermaid, dummy_snake_entry, wad_woods_03
Lair:3:   layout_gridlike, uniq_urug
Lair:4:   layout_hall_layers, dpeg_slime_entry_enclosed, gammafunk_ghost_ooze,
          enter_volcano_2, infiniplex_staircase_pool_2
Lair:5:   minmay_lair_end_enchanted_forest, layout_regular_city, serial_forest,
          infiniplex_forest_end_2, infiniplex_forest_corner_1,
          infiniplex_forest_clump_curved, infiniplex_forest_clump_curved,
          infiniplex_forest_clump_double, infiniplex_forest_lined_3,
          infiniplex_forest_zigzag_2, infiniplex_forest_clump_tiny,
          infiniplex_forest_clump_tiny, hangedman_lair_unloving_vines
Snake:1:  layout_chambers, serial_shops, nicolae_take_the_stairs,
          nicolae_snake_shapes, grunt_megastairs_4
Orc:1:    layout_caves, hangedman_feature_mirror
Orc:2:    kennysheep_orc_mage_school, layout_caves, gauntlet_entry_generic,
          hangedman_feature_mirror, nicolae_orc_sculptors_studio, uniq_snorg,
          uniq_donald

Skill      XL: |  1  2  3  4  5  6  7  8  9 10 11 12 13 14 15 16 |
---------------+-------------------------------------------------+-----
Axes           | 3 4 5 6 7 9 11 13 14 15 16 17 18 19 | 19.0
Fighting       | 4 5 6 8 9 10 11 13 14 | 14.7
Armour         | 4 5 6 7 8 10 11 12 13 14 15 | 15.0
Dodging        | 1 2 3 4 5 6 |  6.5
Shields        | 4 5 6 8 9 11 12 13 | 13.1
Stealth        | 1 2 3 4 5 |  5.9
Invocations    | 3 6 9 |  9.0
Throwing       | |  0.8
Evocations     | |  0.4

Action                   |  1- 3 |  4- 6 |  7- 9 | 10-12 | 13-15 | 16-18 || total
-------------------------+-------+-------+-------+-------+-------+-------++-------
Melee: War axe           |   100 |    13 |       |       |   475 |    67 ||   655
       Hand axe          |       |    90 |   245 |   475 |   396 |       ||  1206
Throw: Dart              |       |       |     2 |     1 |       |       ||     3
Invok: Ancestor Life: Ba |       |       |       |     1 |       |       ||     1
       Idealise          |       |       |       |     2 |     3 |       ||     5
       Recall Ancestor   |       |       |       |     1 |     5 |     1 ||     7
Evoke: Wand              |       |       |       |       |     1 |       ||     1
  Use: Scroll            |       |       |    18 |     5 |     6 |     1 ||    30
       Potion            |       |       |       |     4 |     1 |       ||     5
 Stab: Distracted        |       |       |       |     1 |    14 |       ||    15
       Sleeping          |       |       |       |     1 |       |       ||     1
       Petrifying        |       |       |       |       |     1 |       ||     1
       Petrified         |       |       |       |       |     1 |       ||     1
       Paralysed         |       |       |       |       |     1 |       ||     1
Armor: Scale mail        |    79 |    36 |    46 |       |       |       ||   161
       Chain mail        |       |       |    46 |   291 |   480 |    23 ||   840
       Steam dragon scal |       |       |    10 |    12 |       |       ||    22
Dodge: Dodged            |    54 |    30 |    99 |   198 |   232 |    23 ||   636
Block: Buckler           |    30 |    16 |    51 |    78 |    61 |       ||   236
       Kite shield       |       |       |       |    55 |   373 |    42 ||   470
       Reflection        |       |       |       |       |     1 |       ||     1
